 Dungeon Crawl Stone Soup version 0.31-a0-187-gba352fbbf7 (webtiles) character file.

Game seed: 12127930708863216593

157 qw the Skirmisher (level 5, 0/29 HPs)
             Began as a Deep Elf Hunter on June 22, 2023.
             Slain by Duvessa
             ... wielding a +0 short sword
              (7 damage)
             ... on level 4 of the Dungeon.
             The game lasted 00:00:56 (2346 turns).

qw the Skirmisher (Deep Elf Hunter)                 Turns: 2346, Time: 00:00:56

Health: 0/29       AC:  5    Str:  7    XL:     5   Next: 15%
Magic:  0/0        EV: 11    Int: 14    God:
Gold:   196        SH:  0    Dex: 26    Spells: 4/4 levels left

rFire   x x .        Y - +1 shortbow (flame)
rCold   + + .        (shield currently unavailable)
rNeg    . . .        f - +0 ring mail
rPois   +            (no helmet)
rElec   +            (no cloak)
rCorr   .            (no gloves)
SInv    .            (no boots)
Will    ++...        (no amulet)
Stlth   ++           c - ring "Pearanecw" {rElec rPois rF- rC+ Will++}
HPRegen 0.24/turn    a - ring of the Okapi {Ice Fly MP-9 Str-3 Dex+8}
MPRegen 0.07/turn

%: no passive effects
@: flying
A: no striking features
a: no special abilities


You were on level 4 of the Dungeon.
You visited 1 branch of the dungeon, and saw 4 of its levels.

You collected 196 gold pieces.


   Skills:
 - Level 1.5 Fighting
 + Level 8.6 Ranged Weapons
 - Level 2.4 Dodging
 - Level 1.2 Stealth


You had 4 spell levels left.
You didn't know any spells.
Your spell library was empty.

Inventory:

Hand Weapons
 Y - a +1 shortbow of flaming (weapon)
Armour
 f - a +0 ring mail (worn)
 h - a +2 helmet
Jewellery
 a - the ring of the Okapi (right hand) {Ice Fly MP-9 Str-3 Dex+8}
   (You acquired it on level 2 of the Dungeon)

   [ring of ice]

   It enhances your ice magic.
   Str:       It affects your strength (-3).
   Dex:       It affects your dexterity (+8).
   rF:        It makes you vulnerable to fire.
   rC:        It protects you from cold.
   MP:        It affects your magic capacity (-9).
   Fly:       It grants you flight.
 c - the ring "Pearanecw" (left hand) {rElec rPois rF- rC+ Will++}
   (You found it on level 2 of the Dungeon)

   [ring of protection from cold]

   rF:        It makes you vulnerable to fire.
   rC:        It protects you from cold.
   rElec:     It insulates you from electricity.
   rPois:     It protects you from poison.
   Will:      It greatly increases your willpower.
Scrolls
 e - a scroll of identify
Potions
 b - a potion of curing {unknown}
 d - a potion of brilliance {unknown}
 g - a potion of might {unknown}
 i - a potion of enlightenment
 k - a potion of cancellation

Dungeon Overview and Level Annotations

Branches:
Dungeon (4/15)
 Temple: D:4-7

Altars:

Annotations:
D:4 Dowan, Duvessa


Message History

The endoplasm quivers.
Enter note: You shoot an arrow.
The arrow hits the endoplasm!
The arrow burns the endoplasm.
You kill the endoplasm!
Dowan, Brother of Duvessa comes into view.
He is wielding a +0 dagger.
Dowan shouts!
Dowan gestures at something while chanting.
Enter note: You shoot an arrow.
The arrow hits Dowan.
The arrow burns Dowan.
Dowan is lightly wounded.
Duvessa, Sister of Dowan comes into view.
She is wielding a +0 short sword.
You shoot an arrow. The arrow closely misses Dowan.
The arrow hits Duvessa.
The arrow burns Duvessa.
Duvessa is lightly wounded.
You shoot an arrow.
The arrow hits Duvessa but does no damage.
Duvessa is lightly wounded.
You shoot an arrow. The arrow hits Duvessa.
The arrow burns Duvessa.
Duvessa is lightly wounded.
Dowan casts a spell.
Dowan blinks!
You shoot an arrow. The arrow hits Duvessa!
The arrow burns Duvessa.
Duvessa is moderately wounded.
You shoot an arrow. The arrow hits Duvessa.
The arrow burns Duvessa.
Duvessa is heavily wounded.
Duvessa hits you with a +0 short sword.
You shoot an arrow. The arrow barely misses Duvessa.
Duvessa barely misses you. Duvessa closely misses you.
Dowan says, "My weaknesses are her strengths!"
Dowan barely misses you.
You shoot an arrow. The arrow hits Duvessa!
The arrow burns Duvessa.
Duvessa is severely wounded.
Duvessa hits you with a +0 short sword. Dowan casts a spell at you.
The puff of flame hits you! The fire burns you terribly!
Duvessa hits you with a +0 short sword!
You shoot an arrow. The arrow hits Duvessa!
The arrow burns Duvessa.
Duvessa is almost dead.
Duvessa hits you with a +0 short sword!
You die...

#. # .. . ..# #.. ..
.. ... # ..#.. .###..
#.. #.. ..
#.###.#.###.# #..
.###.....#...##
#.###.#......#ee..#.#
.###.....#.....#@....#
#.#..(...#......#....#
...#..>..#)....###...#
...#......#.###.#
###.#
...#.....###%....# #
....#.###.#......#
...###.....#.....#
###.#......#..)...#
.....#.....#.....##


You could see Duvessa (fast) and Dowan.

Vanquished Creatures
  A hound (D:4)
  An orc wizard (D:2)
  2 adders
  2 worms
  2 dart slugs (D:3)
  5 orcs
  9 endoplasms
  5 giant cockroaches
  7 goblins
  3 hobgoblins
  3 jackals
  3 quokkas
  6 ball pythons
  4 bats
  5 frilled lizards
  6 kobolds
  6 rats
70 creatures vanquished.

Notes
Turn   | Place    | Note
-------+----------+-------------------------------------------
     0 | D:1      | qw the Deep Elf Hunter began the quest for the Orb.
     0 | D:1      | Reached XP level 1. HP: 12/12 MP: 3/3
     0 | D:1      | 0 ||| qw: Version: 0.3-a-9-g12657ce
     0 | D:1      | 0 ||| qw: Game counter: 2061
     0 | D:1      | 0 ||| qw: Always use a shield: true
     0 | D:1      | 0 ||| qw: God list: Okawaru
     0 | D:1      | 0 ||| qw: Allow faded altars: false
     0 | D:1      | 0 ||| qw: Do Orc after D:15 true
     0 | D:1      | 0 ||| qw: Do second Lair branch before Depths: true
     0 | D:1      | 0 ||| qw: Lair rune preference: random
     0 | D:1      | 0 ||| qw: Plans: Normal
     0 | D:1      | 0 ||| PLANNING D:1-11
   131 | D:1      | Reached XP level 2. HP: 12/16 MP: 4/4
   156 | D:1      | Reached skill level 6 in Ranged Weapons
   611 | D:1      | 611 ||| UPGRADING to +0 ring mail.
   621 | D:1      | 621 ||| DROPPING +0 leather armour.
   622 | D:1      | 622 ||| READING 3 scrolls labelled FAOPENL TACVEQ.
   623 | D:1      | 623 ||| READING 2 scrolls labelled UBBOMI VIQUPHA.
   624 | D:1      | 624 ||| READING scroll labelled PIUSYA TUIMOJ.
   625 | D:1      | 625 ||| DROPPING 2 scrolls of fog.
   626 | D:1      | 626 ||| DROPPING scroll of butterflies.
   664 | D:2      | Identified the ring "Pearanecw" {rElec rPois rF- rC+
                  | Will++}
   706 | D:2      | Reached XP level 3. HP: 20/20 MP: 5/5
   794 | D:2      | Reached skill level 7 in Ranged Weapons
   795 | D:2      | 795 ||| Stepping ~*~*~tactically~*~*~ (outnumbered).
   797 | D:2      | 797 ||| Stepping ~*~*~tactically~*~*~ (outnumbered).
   800 | D:2      | 800 ||| Stepping ~*~*~tactically~*~*~ (outnumbered).
   813 | D:2      | Reached XP level 4. HP: 23/25 MP: 6/6
   819 | D:2      | 819 ||| FLEEEEING.
   820 | D:2      | 820 ||| FLEEEEING.
   821 | D:2      | 821 ||| FLEEEEING.
   822 | D:2      | 822 ||| FLEEEEING.
   823 | D:2      | 823 ||| FLEEEEING.
   824 | D:2      | 824 ||| FLEEEEING.
   827 | D:2      | 827 ||| FLEEEEING.
   828 | D:2      | 828 ||| FLEEEEING.
   829 | D:2      | 829 ||| FLEEEEING.
   830 | D:2      | 830 ||| FLEEEEING.
  1468 | D:2      | 1468 ||| UPGRADING to ring "Pearanecw" {rElec rPois rF- rC+
                  | Will++}.
  1469 | D:2      | 1469 ||| READING scroll labelled QUME BENWOEP.
  1470 | D:2      | 1470 ||| READING scroll labelled HEYZOU REDE.
  1470 | D:2      | Identified a scroll of acquirement
  1470 | D:2      | 1470 ||| ACQUIRING ring of the Okapi {Ice Fly MP-9 Str-3
                  | Dex+8}
  1470 | D:2      | Acquired the ring of the Okapi {Ice Fly MP-9 Str-3 Dex+8}
  1472 | D:2      | 1472 ||| UPGRADING to ring of the Okapi {Ice Fly MP-9 Str-3
                  | Dex+8}.
  1473 | D:2      | 1473 ||| READING scroll labelled CERAT TUHUESOW.
  1474 | D:2      | 1474 ||| DRINKING 2 black potions.
  1475 | D:2      | 1475 ||| READING 2 scrolls of identify.
  1475 | D:2      | 1475 ||| IDENTIFYING pink potion
  1476 | D:2      | 1476 ||| DROPPING potion of lignification.
  1934 | D:3      | Reached skill level 8 in Ranged Weapons
  2235 | D:3      | 2235 ||| DROPPING ring of flight.
  2236 | D:3      | 2236 ||| READING scroll labelled MYONIA TESU.
  2237 | D:3      | 2237 ||| READING scroll labelled LEOMYN QUQAYM.
  2238 | D:3      | 2238 ||| DRINKING 2 purple potions.
  2301 | D:4      | Reached XP level 5. HP: 29/29 MP: 0/7
  2337 | D:4      | Noticed Dowan
  2338 | D:4      | Noticed Duvessa
  2345 | D:4      | HP: 7/29 [Duvessa/+0 short sword (7)]
  2346 | D:4      | Slain by Duvessa

Levels and vault maps discovered:
D:1:      nagdon_arrival_zigzag_paths, layout_basic, dreamdust_princess_corridor
D:2:      layout_loops_ring, solitary_fountain, nicolae_eternal_life
D:3:      layout_basic
D:4:      nicolae_BIG_FREAKIN_CUBE, layout_loops_ring, lemuel_crystal_altar,
          serial_rivers, chequers_serial_rivers_micro_d,
          chequers_serial_rivers_large_a, chequers_serial_rivers_micro_c,
          chequers_serial_rivers_micro_b, chequers_serial_rivers_micro_a,
          nicolae_stop_n_shop_2, uniq_duvessa, uniq_grinder

Skill      XL: |  1  2  3  4 |
---------------+-------------+-----
Ranged Weapons | 6 7 8 |  8.6
Fighting       | |  1.5
Dodging        | |  2.4
Stealth        | |  1.2

Action                     |  1- 3 |  4- 6 || total
---------------------------+-------+-------++-------
   Fire: Shortbow          |    81 |    98 ||   179
    Use: Scroll            |     3 |     6 ||     9
         Potion            |       |     2 ||     2
 Armour: Leather armour    |     3 |       ||     3
         Ring mail         |    14 |     3 ||    17
  Dodge: Dodged            |    19 |    16 ||    35

Table legend:
 A = Non-vault XP
 B = Vault XP
 C = Vault XP percentage of total XP
 D = Non-vault monster count
 E = Vault monster count
 F = Vault count percentage of total count
                 A         B        C        D         E       F
            +---------+---------+-------+---------+---------+-------
      Total |     225 |       0 |   0.0 |      70 |       0 |   0.0
            +---------+---------+-------+---------+---------+-------
        D:1 |      35 |       0 |   0.0 |      24 |       0 |   0.0
        D:2 |      86 |       0 |   0.0 |      20 |       0 |   0.0
        D:3 |      50 |       0 |   0.0 |      19 |       0 |   0.0
        D:4 |      54 |       0 |   0.0 |       7 |       0 |   0.0
            +---------+---------+-------+---------+---------+-------
